 Dungeon Crawl Stone Soup version 0.26-a0-652-gafc20e3620 (webtiles) character file.

Game seed: 3455231785942751169

4870 marklar909 the Quickloader (level 10, -26/60 HPs)
             Began as a Kobold Hunter on Oct 3, 2020.
             Was a Follower of Makhleb.
             Hit by a large rock thrown by a cyclops (38 damage)
             ... on level 9 of the Dungeon.
             The game lasted 00:25:10 (11451 turns).

marklar909 the Quickloader (Kobold Hunter)         Turns: 11451, Time: 00:25:10

Health: -26/60     AC:  9    Str: 10    XL:     10   Next: 79%
Magic:  17/17      EV: 22    Int: 13    God:    Makhleb [*.....]
Gold:   478        SH:  0    Dex: 24    Spells: 11/19 levels left

rFire    . . .     SeeInvis .   a - +1 hand crossbow
rCold    . . .     Faith    .   (shield restricted)
rNeg     . . .     Spirit   .   u - +2 robe of Plog {Slay+2}
rPois    .         Reflect  .   n - +0 helmet
rElec    .         Harm     .   r - +1 cloak
rCorr    .         Rampage  .   m - +0 pair of gloves
MR       .....                  f - +0 pair of boots
Stlth    ++++......             (no amulet)
HPRegen  0.20/turn              y - +6 ring of dexterity
MPRegen  0.15/turn              t - +4 ring of evasion

@: about to teleport, drained
A: small, nightstalker 3
a: Renounce Religion


You were on level 9 of the Dungeon.
You worshipped Makhleb.
Makhleb was aware of your devotion.
You visited 1 branch of the dungeon, and saw 9 of its levels.

You collected 478 gold pieces.

Inventory:

Hand Weapons
 a - a +1 hand crossbow (weapon)
 b - a +2 dagger of protection
 l - a +1 scimitar of flaming
Missiles
 d - 70 bolts (quivered)
 k - 55 poisoned darts
 v - 4 atropa-tipped darts
Armour
 c - a +0 leather armour
 f - a +0 pair of boots (worn)
 m - a +0 pair of gloves (worn)
 n - a +0 helmet (worn)
 p - a +0 kite shield
 r - a +1 cloak (worn)
 u - the +2 robe of Plog (worn) {Slay+2}
   (You found it on level 4 of the Dungeon)

   It affects your accuracy and damage with ranged weapons and melee attacks
   (+2).
 C - +0 steam dragon scales
Jewellery
 s - an uncursed ring of magical power
 t - a +4 ring of evasion (right hand)
 x - an uncursed ring of wizardry {unknown}
 y - a +6 ring of dexterity (left hand)
Wands
 j - a wand of random effects (19)
Scrolls
 e - 2 scrolls of teleportation
 i - 5 scrolls of remove curse
 q - 5 scrolls of amnesia
 w - 2 scrolls of fog
Potions
 h - 3 potions of curing
 o - 2 potions of cancellation {unknown}
 z - a potion of haste {unknown}
 A - 2 potions of stabbing {unknown}
 B - 2 potions of flight {unknown}
 E - 2 potions of mutation {unknown}


   Skills:
 + Level 5.8(4.8) Fighting
 + Level 6.3(5.2) Short Blades
 + Level 9.2(8.1) Crossbows
 + Level 2.8(1.8) Throwing
 + Level 2.7(1.8) Armour
 + Level 5.5(4.4) Dodging
 + Level 6.1(5.1) Stealth
 * Level 2.7(1.8) Shields
 + Level 5.0(4.0) Spellcasting
 * Level 6.0(5.0) Necromancy


You had 11 spell levels left.
You knew the following spells:

 Your Spells              Type           Power        Failure   Level
a - Pain                  Necr           ###.         2%          1
b - Vampiric Draining     Necr           ###.......   8%          3
c - Animate Dead          Necr           ###.......   26%         4

Your spell library contained the following spells:

 Spells                   Type           Power        Failure   Level
 Animate Skeleton         Necr           ###...       2%          1
 Agony                    Necr           ###.....     58%         5
 Haunt                    Necr/Summ      #.........   100%        7
 Borgnjor's Revivificati  Necr           ###.......   100%        8
 Infestation              Necr           ###.......   100%        8
 Necromutation            Tmut/Necr      #.........   100%        8
 Death's Door             Necr           ###.......   100%        9


Dungeon Overview and Level Annotations

Branches:
Dungeon (9/15)             Temple (0/1) D:7
   Lair: D:8-11         Orc: D:9-12

Altars:
Makhleb
Okawaru
Vehumet
Zin


Innate Abilities, Weirdness & Mutations

You are small and have problems with some larger weapons.
You are completely attuned to the shadows.


Message History

The bolt hits the cyclops but does no damage.
The cyclops throws a large rock.
The large rock hits you!!
Ouch! That really hurt!
The cyclops throws a large rock.
The large rock barely misses you. The cyclops misses you.
Firing (i - inventory. (/) - cycle)
d - 71 bolts (quivered)
Press: ? - help, Shift-Dir - straight line, f/p - cyclops
Aim: a cyclops, quivering 3 large rocks You shoot a bolt.
The bolt hits the cyclops!
The cyclops is moderately wounded.
The cyclops hits you!!
* * * LOW HITPOINT WARNING * * *
You feel much better. The cyclops hits you!!
* * * LOW HITPOINT WARNING * * *
Unknown command.
As you read the scroll of teleportation, it crumbles to dust.
You feel strangely unstable.
The cyclops throws a large rock.
The large rock hits you!!!
Ouch! That really hurt!
You die...

#############
##.....#.((..##
##.............#
#.........@.....
#...............
#..........C....
#######...............
...†..................
#######...............
##.......... ##.....
## ####


You could see a cyclops.

Vanquished Creatures
  Erica (D:8)
  Grinder (D:5)
  Prince Ribbit (D:8)
  5 yaks (D:9)
  A steam dragon (D:8)
  Duvessa (D:5)
  Menkaure (D:5)
  2 orc warriors
  2 ice beasts
  A black bear (D:8)
  3 sky beasts
  3 phantoms
  An ogre (D:6)
  A big kobold (D:9)
  2 bullfrogs
  Dowan (D:5)
  2 scorpions (D:5)
  6 killer bees
  5 wights (D:9)
  A howler monkey (D:7)
  4 hounds
  A bullfrog zombie (D:7)
  A jelly (D:9)
  2 orc priests
  3 bullfrog skeletons
  A centaur skeleton (D:9)
  7 worker ants
  3 iguanas
  A hound skeleton (D:9)
  5 adders
  2 shadow imps
  2 white imps
  2 oozes
  4 worms
  3 leopard geckos
  16 orcs
  6 giant cockroaches
  9 goblins
  9 hobgoblins
  18 jackals
  3 quokkas
  4 ball pythons
  8 bats
  7 frilled lizards
  8 kobolds
  A leopard gecko skeleton (D:8)
  A quokka zombie (D:5)
  10 rats
182 creatures vanquished.

Notes
Turn   | Place    | Note
-------+----------+-------------------------------------------
     0 | D:1      | marklar909 the Kobold Hunter began the quest for the Orb.
     0 | D:1      | Reached XP level 1. HP: 12/12 MP: 1/1
    22 | D:1      | Reached skill level 5 in Crossbows
    33 | D:1      | Reached XP level 2. HP: 11/17 MP: 2/2
  1335 | D:2      | Reached skill level 1 in Short Blades
  1335 | D:2      | Reached XP level 3. HP: 18/21 MP: 3/3
  1665 | D:2      | Reached XP level 4. HP: 27/27 MP: 4/4
  2932 | D:3      | Reached XP level 5. HP: 26/31 MP: 6/6
  3591 | D:4      | Noticed a phantom
  3599 | D:4      | Killed a phantom
  3599 | D:4      | Reached skill level 6 in Crossbows
  3599 | D:4      | Reached skill level 1 in Armour
  3599 | D:4      | Reached skill level 1 in Spellcasting
  3599 | D:4      | Reached XP level 6. HP: 36/36 MP: 6/8
  3602 | D:4      | Learned a level 1 spell: Pain
  3658 | D:4      | Got an ichor-stained robe
  4349 | D:4      | Noticed a phantom
  4367 | D:4      | Killed a phantom
  4367 | D:4      | Reached skill level 1 in Necromancy
  4367 | D:4      | Reached XP level 7. HP: 34/41 MP: 8/10
  5161 | D:5      | Entered Level 5 of the Dungeon
  5342 | D:5      | Noticed Menkaure
  5348 | D:5      | Killed Menkaure
  5433 | D:5      | Found a glowing silver altar of Zin.
  5507 | D:5      | Found a burning altar of Makhleb.
  5517 | D:5      | Noticed Duvessa
  5518 | D:5      | Noticed Dowan
  5527 | D:5      | Killed Duvessa
  5527 | D:5      | Reached skill level 7 in Crossbows
  5527 | D:5      | Reached XP level 8. HP: 48/48 MP: 10/12
  5536 | D:5      | Killed Dowan
  5681 | D:5      | Noticed Grinder
  5699 | D:5      | Killed Grinder
  5699 | D:5      | Reached skill level 1 in Throwing
  6395 | D:5      | Found a radiant altar of Vehumet.
  6464 | D:5      | Became a worshipper of Makhleb the Destroyer
  6957 | D:6      | Reached XP level 9. HP: 52/52 MP: 14/14
  7027 | D:6      | Reached skill level 8 in Crossbows
  7478 | D:6      | Learned a level 3 spell: Vampiric Draining
  7907 | D:7      | Found a staircase to the Ecumenical Temple.
  7950 | D:7      | Reached skill level 5 in Fighting
  8777 | D:8      | Reached skill level 5 in Short Blades
  8784 | D:8      | Noticed Erica
  8808 | D:8      | Found an iron altar of Okawaru.
  8850 | D:7      | Identified the +2 robe of Plog {Slay+2} (You found it on
                  | level 4 of the Dungeon)
  9066 | D:8      | Noticed Prince Ribbit
  9473 | D:8      | Killed Prince Ribbit
  9473 | D:8      | Reached skill level 9 in Crossbows
  9652 | D:8      | Reached skill level 1 in Shields
  9652 | D:8      | Reached XP level 10. HP: 44/59 MP: 9/16
  9754 | D:8      | Reached * piety under Makhleb
  9883 | D:8      | Killed Erica
  9883 | D:8      | Reached skill level 5 in Dodging
  9883 | D:8      | Reached skill level 5 in Necromancy
 10175 | D:9      | Learned a level 4 spell: Animate Dead
 10213 | D:9      | Reached skill level 5 in Stealth
 10566 | D:9      | Reached skill level 5 in Spellcasting
 11383 | D:9      | Noticed a cyclops
 11451 | D:9      | Hit by a large rock thrown by a cyclops

Illustrated notes

Levels and vault maps discovered:
D:1:      dpeg_arrival_radiant, layout_basic, minivault_25, minmay_crystal_room
D:2:      layout_basic
D:3:      layout_loops_ring
D:4:      layout_rooms
D:5:      layout_cave_pools, gammafunk_temple_overflow_forgotten, uniq_menkaure,
          uniq_grinder, uniq_duvessa
D:6:      layout_gridville, minivault_27
D:7:      layout_cave_pools, minmay_temple_entry_overgrown,
          minmay_misc_feat_more_columns, due_unseen_surprise
D:8:      layout_rooms, okawaru_trees_2, serial_park_tiny_pond,
          uniq_prince_ribbit1, uniq_erica
D:9:      layout_rooms, uniq_joseph

Skill      XL: |  1  2  3  4  5  6  7  8  9 10 |
---------------+-------------------------------+-----
Crossbows      | 5 6 7 9 |  9.2
Short Blades   | 1 2 3 4 5 6 |  6.3
Stealth        | 2 3 4 6 |  6.1
Armour         | 1 2 |  2.7
Spellcasting   | 1 2 3 4 5 |  5.0
Fighting       | 3 4 5 |  5.8
Necromancy     | 1 2 3 4 6 |  6.0
Dodging        | 3 4 5 |  5.5
Throwing       | 1 2 |  2.8
Shields        | 1 2 |  2.7

Action                   |  1- 3 |  4- 6 |  7- 9 | 10-12 || total
-------------------------+-------+-------+-------+-------++-------
Melee: Short sword       |    37 |       |       |       ||    37
       Dagger            |    10 |   158 |   201 |   245 ||   614
       Hand crossbow     |       |       |     1 |       ||     1
 Fire: Hand crossbow     |    24 |    46 |   212 |    24 ||   306
Throw: Dart              |       |       |    31 |    11 ||    42
 Cast: Pain              |       |       |     2 |     2 ||     4
       Vampiric Draining |       |       |     3 |    15 ||    18
Evoke: Wand              |       |       |       |     4 ||     4
  Use: Potion            |     1 |       |       |     1 ||     2
       Scroll            |       |       |    11 |     1 ||    12
 Stab: Sleeping          |     8 |    21 |     3 |     5 ||    37
       Invisible         |       |       |     1 |       ||     1
Armor: Leather armour    |    17 |    66 |    82 |       ||   165
       Robe              |       |       |    14 |    43 ||    57
Dodge: Dodged            |    34 |   148 |   260 |   198 ||   640

Table legend: (Time is in decaauts)
 A = Elapsed time spent in this place.
 B = Non-inter-level travel time spent in this place.
 C = Inter-level travel time spent in this place.
 D = Time resting spent in this place.
 E = Time spent auto-exploring this place.
 F = Levels seen in this place.
 G = Mean time per level.
                   A        B        C        D        E       F      G
               +--------+--------+--------+--------+--------+-----+--------+
         Total |  11315 |  10723 |    592 |   2066 |   6716 |   9 | 1257.2 |
       Dungeon |  11315 |  10723 |    592 |   2066 |   6716 |   9 | 1257.2 |
               +--------+--------+--------+--------+--------+-----+--------+

Top non-repeatable levels by time:
     D:2: 1634 daAuts
     D:3: 1628 daAuts
     D:8: 1472 daAuts
     D:5: 1316 daAuts
     D:6: 1142 daAuts
     D:7: 1137 daAuts
     D:9: 1099 daAuts
     D:4: 963 daAuts
     D:1: 921 daAuts
